 Dungeon Crawl Stone Soup version 0.20-a0-556-g892c87b (webtiles) character file.

53 drasked the Magician (level 3, -3/19 HPs)
             Began as a Deep Elf Fire Elementalist on Feb 5, 2017.
             Killed from afar by a dart slug (5 damage)
             ... with a slug dart
             ... on level 2 of the Dungeon.
             The game lasted 00:03:16 (1528 turns).

drasked the Magician (Deep Elf Fire Elementalist)   Turns: 1528, Time: 00:03:17

Health: -3/19      AC:  2    Str:  5    XL:     3   Next: 62%
Magic:  1/10       EV: 13    Int: 20    God:
Gold:   71         SH:  0    Dex: 15    Spells: 4/10 levels left

rFire    . . .     SeeInvis .   (no weapon)
rCold    . . .     Gourm    .   a - +0 robe
rNeg     . . .     Faith    .   (no shield)
rPois    .         Spirit   .   (no helmet)
rElec    .         Reflect  .   (no cloak)
rCorr    .         Harm     .   (no gloves)
MR       .....                  (no boots)
Stlth    ++........             (no amulet)
Regen    0.1/turn               (no ring)
                                (no ring)

@: very slightly contaminated
A: no striking features
a: no special abilities


You were on level 2 of the Dungeon.
You were not hungry.

You visited 1 branch of the dungeon, and saw 2 of its levels.

You collected 71 gold pieces.

Inventory:

Armour
 a - a +0 robe (worn)
Scrolls
 d - 2 scrolls of remove curse {unknown}
 e - 2 scrolls of identify {unknown}
 g - a scroll of enchant armour {unknown}
 i - a scroll of immolation {unknown}
 l - a scroll of blinking {unknown}
Potions
 f - a potion of curing {unknown}
 h - a potion of lignification {unknown}
 j - a potion of flight {unknown}
 k - a potion of haste {unknown}
Books
 b - a book of Flames
Comestibles
 c - 2 bread rations {@e1}


   Skills:
 - Level 2.4 Dodging
 - Level 2.4 Stealth
 + Level 4.1 Spellcasting
 + Level 2.3 Conjurations
 + Level 3.9 Fire Magic


You had 4 spell levels left.
You knew the following spells:

 Your Spells              Type           Power        Failure   Level  Hunger
a - Flame Tongue          Conj/Fire      ###..        3%          1    None
c - Conjure Flame         Conj/Fire      ###.....     12%         3    ###....
x - Throw Flame           Conj/Fire      ###...       6%          2    #......


Dungeon Overview and Level Annotations

Branches:
Dungeon (2/15)

Altars:


Message History

Aim: a bat The flame tongue misses the bat.
The bat hits you but does no damage.
You now have 5/10 mp.
Aim: a bat The flame tongue hits the bat.
You kill the bat!
You now have 4/10 mp.
You start resting.
You are feeling hungry.
You regained 4 mp, and now have 8/10 mp.
You may need something to eat soon, looking for food.
Can't find anything matching that.
Sorry, you're not good enough to have a special ability.
Found a stone staircase leading down.
l - a scroll labeled SOPLARGHEUSE
Found a stone staircase leading up.
MP restored: 10 You see here a bat corpse.
You butcher the bat corpse.
m - a chunk of flesh {@w0} Autoeating chunks.
Eating a chunk of flesh {@w0}.
You eat the chunk of flesh {@w0}.
e - 2 scrolls labeled XOYBOU JISIMMY (gained 1)
A bat comes into view.
A bat is nearby!
A bat is nearby!
A dart slug comes into view.
A hobgoblin comes into view.
The hobgoblin shouts!
A goblin comes into view. It is wielding a dagger.
Aim: a dart slug The flame tongue hits the dart slug.
The goblin shouts!
The bat hits you.
You take 1 damage, and have 18/19 hp.
You now have 9/10 mp.
The bat barely misses you.
The goblin unwields an uncursed dagger.
The goblin wields a hunting sling.
The goblin shoots a stone.
The stone closely misses you. The dart slug launches a dart at you.
The slug dart misses you. The bat hits you but does no damage.
The dart slug launches a dart at you. The slug dart hits you!
You take 5 damage, and have 13/19 hp.
MASSIVE DAMAGE!!
The bat hits you but does no damage. The bat hits you but does no damage.
The goblin shoots a stone.
The stone closely misses you. The bat barely misses you.
The bat hits you but does no damage.
Aim: a bat You miscast Flame Tongue.
You are very lightly contaminated with residual magic.
You smell something strange.
The bat hits you but does no damage. The bat misses you.
Aim: a bat The flame tongue misses the bat.
The bat misses you.
You now have 8/10 mp.
Aim: a bat The flame tongue misses the hobgoblin.
The flame tongue misses the bat.
The bat barely misses you.
The hobgoblin hits you but does no damage.
You now have 7/10 mp.
Aim: a bat The flame tongue hits the hobgoblin.
The hobgoblin appears unharmed.
The bat hits you but does no damage. The hobgoblin hits you.
You take 3 damage, and have 11/19 hp.
You now have 6/10 mp.
Aim: a bat The flame tongue hits the bat.
You kill the bat!
You now have 5/10 mp.
Aim: a hobgoblin The flame tongue misses the hobgoblin.
The goblin shoots a stone.
The stone barely misses you. The hobgoblin closely misses you.
You now have 4/10 mp.
Aim: a hobgoblin The flame tongue misses the hobgoblin.
The goblin shoots a stone.
The stone hits you. The hobgoblin closely misses you.
You take 3 damage, and have 8/19 hp.
You now have 3/10 mp.
Aim: a hobgoblin The flame tongue hits the hobgoblin.
The hobgoblin appears unharmed.
The goblin shoots a stone.
The stone hits you. The hobgoblin barely misses you.
You take 2 damage, and have 6/19 hp.
You now have 2/10 mp.
Aim: a hobgoblin The flame tongue hits the hobgoblin.
The hobgoblin misses you.
You now have 3/10 mp.
Aim: a hobgoblin (severely wounded)
The flame tongue hits the hobgoblin.
You kill the hobgoblin!
The goblin shoots a stone.
The stone hits you.
* * * LOW HITPOINT WARNING * * *
You take 5 damage, and have 2/19 hp.
MASSIVE DAMAGE!!
You now have 2/10 mp.
Aim: a goblin, wielding a hunting sling The flame tongue hits the goblin.
You kill the goblin!
The dart slug launches a dart at you. The slug dart hits you!
You die...

..).....#......#.........######..
........#......#.................
........#......#.......#.........
.........(.....##...)###.........
...............##....###.........
#..............##................
.................................
#......(.......##............#...
.......(...w..).@................
####...##.(....##.......##.......
###............# .....####.......
.......#.......# ................
#.....##......## ................
..............# ##.........####.
..............# ......###.....
.#####........# ...... #..... ##
#..w.....# ..... ##.....


You could see a dart slug.

Vanquished Creatures
  An adder (D:2)
  A worm (D:2)
  A dart slug (D:1)
  3 leopard geckos (D:1)
  10 goblins
  3 hobgoblins
  3 kobolds
  6 bats
  3 frilled lizards (D:1)
  5 rats
36 creatures vanquished.

Notes
Turn   | Place    | Note
-------+----------+-------------------------------------------
     0 | D:1      | drasked the Deep Elf Fire Elementalist began the quest for the Orb.
     0 | D:1      | Reached XP level 1. HP: 10/10 MP: 6/6
   312 | D:1      | Reached XP level 2. HP: 12/15 MP: 4/8
   316 | D:1      | Learned a level 2 spell: Throw Flame
   719 | D:1      | Reached skill level 2 in Conjurations
   959 | D:1      | Reached XP level 3. HP: 19/19 MP: 8/10
   964 | D:1      | Learned a level 3 spell: Conjure Flame
  1062 | D:2      | Reached skill level 4 in Spellcasting
  1527 | D:2      | HP: 2/19 [goblin/stone (5)]
  1528 | D:2      | Killed from afar by a dart slug

Vault maps used:
D:1:      dpeg_arrival_circle_labyrinth_c
D:2:      first_bread, nicolae_tso_swordbearing_angel

Skill      XL: |  1  2  3 |
---------------+----------+-----
Conjurations   | 2 |  2.3
Spellcasting   | 4 |  4.1
Dodging        | |  2.4
Stealth        | |  2.4
Fire Magic     | |  3.9

Action                   || total
-------------------------++-------
Melee: Unarmed           ||     1
 Cast: Flame Tongue      ||    63
       Conjure Flame     ||     1
  Eat: Chunk             ||     2
Armor: Robe              ||    10
Dodge: Dodged            ||    23

Vault maps used:
D:1:      dpeg_arrival_circle_labyrinth_c
D:2:      first_bread, nicolae_tso_swordbearing_angel

Table legend:
 A = Turns spent in this place as a percentage of turns spent in the entire game.
 B = Non-inter-level travel turns spent in this place as a percentage of non-inter-level travel turns spent in the entire game.
 C = Inter-level travel turns spent in this place as a percentage of turns spent in this place.
 D = Turns resting spent in this place as a percentage of non-inter-level travel turns spent in this place.
 E = Turns spent auto-exploring this place as a percentage of non-inter-level travel turns spent in this place.
 F = Non-inter-level travel turns spent in this place divided by the number of levels of this place that you've seen.
                   A       B       C       D       E      F
               +-------+-------+-------+-------+-------+----------------------
         Total | 100.0 | 100.0 |   0.3 |   3.2 |  12.1 | 189.5
       Dungeon | 100.0 | 100.0 |   0.3 |   3.2 |  12.1 | 189.5
               +-------+-------+-------+-------+-------+----------------------

Table legend:
 A = Kills in this place as a percentage of kills in entire the game.
 B = Kills by you in this place as a percentage of kills by you in the entire game.
 C = Kills by friends in this place as a percentage of kills by friends in the entire game.
 D = Other kills in this place as a percentage of other kills in the entire game.
 E = Experience gained in this place as a percentage of experience gained in the entire game.
 F = Experience gained in this place divided by the number of levels of this place that you have seen.
                   A       B       C       D       E      F
               +-------+-------+-------+-------+-------+----------------------
         Total | 100.0 | 100.0 |  -nan |  -nan | 100.0 |  38.0
       Dungeon | 100.0 | 100.0 |  -nan |  -nan | 100.0 |  38.0
               +-------+-------+-------+-------+-------+----------------------
